 Dungeon Crawl Stone Soup version 0.25-a0-576-g50b708a4c4 (webtiles) character file.

Game seed: 5804725754735434494, levelgen mode: deterministic

10275 kae the Covert (level 11, -9/56 HPs)
             Began as a Vampire Enchanter on Mar 1, 2020.
             Was an Elder of Dithmenos.
             Mangled by an orc warrior
             ... wielding a +0 war axe
              (20 damage)
             ... in a bailey.
             The game lasted 00:18:53 (10074 turns).

kae the Covert (Vampire Enchanter)                 Turns: 10074, Time: 00:18:54

Health: -9/56      AC:  5    Str: 10    XL:     11   Next: 34%
Magic:  15/22      EV: 16    Int: 18    God:    Dithmenos [****..]
Gold:   411        SH:  0    Dex: 15    Spells: 18/24 levels left

rFire    . . .     SeeInvis +   j - +5 rapier of Meutrafe {vamp, MR+ Stlth+}
rCold    + + .     Gourm    .   (no shield)
rNeg     + + +     Faith    .   y - +0 robe
rPois    ∞         Spirit   .   (no helmet)
rElec    .         Reflect  .   i - scarf {cloud immunity}
rCorr    +         Harm     .   h - +2 pair of gloves
MR       ++...                  (no boots)
Stlth    ++++++++++             (no amulet)
HPRegen  0.00/turn              d - +3 ring of evasion
MPRegen  0.18/turn              q - ring of resist corrosion

@: bloodless, wreathed by umbra
A: no food, fangs 3, see invisible, unbreathing
a: Bat Form, Revivify, Shadow Step, Renounce Religion


You were in a bailey.
You worshipped Dithmenos.
Dithmenos was greatly pleased with you.
You were bloodless.

You visited 1 branch of the dungeon, and saw 10 of its levels.
You also visited: Bailey.

You collected 621 gold pieces.
You spent 210 gold pieces at shops.

Inventory:

Hand Weapons
 a - a +3 vampiric dagger
 b - a +4 dagger of electrocution
 j - the +5 rapier of Meutrafe (weapon) {vamp, MR+ Stlth+}
   (You found it on level 10 of the Dungeon)

   It inflicts no extra harm, but heals its wielder when it wounds a living foe.
   It affects your resistance to hostile enchantments.
   It makes you more stealthy.
 t - a +2 dagger
 x - a +2 dagger of electrocution
Armour
 h - a +2 pair of gloves (worn)
 i - a scarf of cloud immunity (worn)
 y - a +0 robe (worn)
Jewellery
 d - a +3 ring of evasion (left hand)
 e - an uncursed amulet of harm
 p - an uncursed ring of protection from fire
 q - a ring of resist corrosion (right hand)
Wands
 n - a wand of polymorph (18)
 v - a wand of flame (56)
Scrolls
 c - a scroll of amnesia
 f - 3 scrolls of enchant armour
 g - 2 scrolls of teleportation
 r - 2 scrolls of remove curse
Potions
 k - 2 potions of ambrosia
 l - 2 potions of haste
 m - 3 potions of mutation
 o - 3 potions of stabbing
 s - a potion of curing
 w - 2 potions of flight
 z - 2 potions of berserk rage
 A - a potion of resistance


   Skills:
 + Level 1.3 Fighting
 * Level 12.1 Short Blades
 + Level 2.9 Dodging
 + Level 12.8 Stealth
 - Level 7.4 Spellcasting
 - Level 12.0 Hexes


You had 18 spell levels left.
You knew the following spells:

 Your Spells              Type           Power        Failure   Level  Hunger
a - Corona                Hex            #####..      1%          1    N/A
b - Ensorcelled Hibernat  Hex/Ice        ####..       1%          2    N/A
c - Confusing Touch       Hex            #####...     1%          3    N/A

Your spell library contained the following spells:

 Spells                   Type           Power        Failure   Level  Hunger
 Tukima's Dance           Hex            #####...     1%          3    N/A
 Dazzling Flash           Conj/Hex       ####..       2%          3    N/A
 Fulminant Prism          Conj/Hex       ####......   9%          4    N/A
 Beastly Appendage        Tmut           #.....       11%         1    N/A
 Magic Dart               Conj           #...         11%         1    N/A
 Sandblast                Erth           #.....       11%         1    N/A
 Passwall                 Tmut/Erth      #.......     16%         2    N/A
 Searing Ray              Conj           #.....       16%         2    N/A
 Sticks to Snakes         Tmut           #.......     16%         2    N/A
 Spider Form              Tmut/Pois      #.........   30%         3    N/A
 Stone Arrow              Conj/Erth      #.....       30%         3    N/A
 Ice Form                 Ice/Tmut       #.......     71%         4    N/A
 Iskenderun's Mystic Bla  Conj/Tloc      #.......     71%         4    N/A
 Petrify                  Tmut/Erth      #.......     71%         4    N/A
 Blade Hands              Tmut           #.........   96%         5    N/A
 Lee's Rapid Deconstruct  Erth           #.........   96%         5    N/A

Dungeon Overview and Level Annotations

Branches:
Dungeon (10/15)            Temple (0/1) D:6            Lair (0/6) D:8
    Orc (0/2) D:10         Bailey (1/1)

Altars:
Dithmenos
Qazlal
Trog
Uskayaw
Vehumet
Xom

Shops:
D:4 !   D:8 =


Innate Abilities, Weirdness & Mutations

You do not eat.
You do not regenerate when monsters are visible.
You are frail without blood (-20% HP).
You can heal yourself when you bite living creatures.
You are immune to poison.
You have razor-sharp teeth.
You have supernaturally acute eyesight. (SInv)
You can survive without breathing.


Message History

Dithmenos accepts your kill.
Casting: Ensorcelled Hibernation (safe; 1% risk of failure)
Confirm with . or Enter, or press ? or * to list all spells.
Aiming: Ensorcelled Hibernation (safe; 1% risk of failure)
Press: ? - help, Shift-Dir - straight line, f - orc warrior
Aim: an orc warrior, wielding a +0 war axe and wearing a +0 plate armour (black smoke, heavily wounded, umbra, chance to defeat MR: 57%)
The orc warrior resists with significant effort.
The orc warrior hits you with a +0 war axe!
The orc warrior hits you with a +0 hand axe!!
Casting: Ensorcelled Hibernation (safe; 1% risk of failure)
Confirm with . or Enter, or press ? or * to list all spells.
Aiming: Ensorcelled Hibernation (safe; 1% risk of failure)
Press: ? - help, Shift-Dir - straight line, f/p - orc warrior
Aim: an orc warrior, wielding a +0 war axe and wearing a +0 plate armour (black smoke, heavily wounded, umbra, chance to defeat MR: 57%)
The orc warrior resists with significant effort.
The orc closely misses you.
The orc warrior hits you with a +0 hand axe!
* * * LOW HITPOINT WARNING * * *
The orc warrior hits you with a +0 war axe!!
You die...

#.......# ##.....##
##'#### ##)...)##
#.......#
##.......##
#.........#
##...)§§§§.##
#....)§@§§§.###+###
##...§§o§§§##88.88#
#...§§ooo§#.......
##...§§g§##.....g.
#...§§§.'........
##.....##g).....o
#######o....⌠...
##.......o
#........


You could see 3 orc warriors and an orc.

Vanquished Creatures
  A two-headed ogre (D:8)
  4 ugly things (D:10)
  2 trolls
  A hippogriff (D:9)
  Sigmund (D:4)
  Eustachio (D:4)
  4 yaks (D:8)
  A wyvern (D:10)
  A basilisk (D:8)
  Edmund (D:5)
  A hungry ghost (D:10)
  A water moccasin (D:9)
  5 porcupines (D:8)
  5 sky beasts
  A black bear (D:10)
  7 orc warriors
  2 eyes of draining (D:9)
  2 necrophages
  2 ice beasts
  3 ogres
  5 centaurs
  3 crocodiles (D:8)
  A big kobold (D:9)
  2 gnoll sergeants
  2 bullfrogs (D:8)
  7 wights
  8 killer bees (D:10)
  A howler monkey (D:7)
  6 crimson imps
  A centaur zombie (D:5)
  6 hounds
  A quasit (D:9)
  5 jellies
  8 orc priests
  10 orc wizards
  8 worker ants
  A hound zombie (D:9)
  A worker ant zombie (D:9)
  21 gnolls
  10 adders
  2 howler monkey skeletons
  A shadow imp (D:9)
  4 oozes
  An adder zombie (D:5)
  An adder skeleton (D:7)
  6 worms
  4 dart slugs
  12 leopard geckos
  41 orcs
  2 ball pythons
  5 giant cockroaches
  14 goblins
  11 hobgoblins
  9 jackals
  2 quokkas
  13 bats
  8 frilled lizards
  A jackal skeleton (D:8)
  4 kobolds
  2 leopard gecko zombies (D:5)
  11 rats
307 creatures vanquished.

Vanquished Creatures (others)
  A plant (D:8)
1 creature vanquished.

Grand Total: 308 creatures vanquished

Notes
Turn   | Place    | Note
-------+----------+-------------------------------------------
     0 | D:1      | kae the Vampire Enchanter began the quest for the Orb.
     0 | D:1      | Reached XP level 1. HP: 13/13 MP: 3/3
   122 | D:1      | Reached XP level 2. HP: 16/19 MP: 5/5
   366 | D:1      | Learned a level 2 spell: Ensorcelled Hibernation
   780 | D:1      | Reached XP level 3. HP: 24/24 MP: 4/6
  1294 | D:1      | Reached skill level 5 in Stealth
  1577 | D:2      | Reached skill level 5 in Hexes
  1693 | D:2      | Reached XP level 4. HP: 18/30 MP: 4/7
  1902 | D:2      | Found a bloodstained altar of Trog.
  2230 | D:3      | You fall into a shaft and drop 2 floors!
  2230 | D:5      | Entered Level 5 of the Dungeon
  2278 | D:5      | Noticed a sky beast
  2375 | D:5      | Learned a level 3 spell: Confusing Touch
  2472 | D:3      | Reached XP level 5. HP: 35/35 MP: 5/9
  2821 | D:3      | Found a radiant altar of Vehumet.
  3476 | D:4      | Noticed an ogre
  3485 | D:4      | Killed an ogre
  3485 | D:4      | Reached XP level 6. HP: 24/41 MP: 1/10
  3592 | D:4      | Noticed Eustachio
  3617 | D:4      | Killed Eustachio
  3724 | D:4      | Reached skill level 5 in Short Blades
  3825 | D:4      | Found a hide-covered altar of Uskayaw.
  3904 | D:4      | Found Dosanam's Distillery.
  3921 | D:4      | Bought 2 potions of curing for 84 gold pieces
  3921 | D:4      | Bought a potion of heal wounds for 70 gold pieces
  3956 | D:4      | Reached XP level 7. HP: 46/46 MP: 0/12
  4268 | D:4      | Noticed Sigmund
  4271 | D:4      | Killed Sigmund
  4389 | D:4      | Found a stormy altar of Qazlal.
  5024 | D:5      | Reached XP level 8. HP: 42/52 MP: 8/14
  5057 | D:5      | Noticed Edmund
  5067 | D:5      | Killed Edmund
  5204 | D:5      | Found a shadowy altar of Dithmenos.
  5325 | D:5      | Became a worshipper of Dithmenos the Shadowed
  5565 | D:6      | Found a staircase to the Ecumenical Temple.
  5639 | D:6      | Found a shimmering altar of Xom.
  6339 | D:7      | HP: 1/52 [orc wizard/magic dart (7)]
  6500 | D:7      | Reached skill level 5 in Spellcasting
  6502 | D:7      | Reached * piety under Dithmenos
  6556 | D:7      | Reached XP level 9. HP: 45/57 MP: 12/16
  7106 | D:8      | Noticed a two-headed ogre
  7149 | D:8      | Killed a two-headed ogre
  7149 | D:8      | Reached skill level 10 in Stealth
  7160 | D:8      | Found Wokhly's Jewellery Shop.
  7366 | D:8      | Found a staircase to the Lair.
  7384 | D:8      | Reached skill level 10 in Hexes
  7434 | D:8      | Reached ** piety under Dithmenos
  7525 | D:8      | Reached skill level 10 in Short Blades
  7525 | D:8      | Reached XP level 10. HP: 63/63 MP: 15/19
  7927 | D:8      | Bought a cursed -3 ring of protection for 28 gold pieces
  7927 | D:8      | Bought a cursed -3 ring of slaying for 28 gold pieces
  8356 | D:9      | Reached *** piety under Dithmenos
  9453 | D:10     | Entered Level 10 of the Dungeon
  9488 | D:10     | Found a staircase to the Orcish Mines.
  9657 | D:10     | Noticed a purple ugly thing
  9657 | D:10     | Noticed a brown ugly thing
  9661 | D:10     | Noticed a green ugly thing
  9661 | D:10     | Noticed a brown ugly thing
  9662 | D:10     | Noticed a white ugly thing
  9664 | D:10     | Killed a brown ugly thing
  9664 | D:10     | Reached XP level 11. HP: 54/54 MP: 21/21
  9666 | D:10     | Killed a purple ugly thing
  9686 | D:10     | Noticed a red ugly thing
  9688 | D:10     | Killed a green ugly thing
  9700 | D:10     | Killed a green ugly thing
  9700 | D:10     | Reached **** piety under Dithmenos
  9758 | D:10     | Found a flagged portal.
  9837 | D:10     | Reached skill level 1 in Fighting
  9897 | D:10     | Got a jewelled rapier
  9906 | Bailey   | Entered a bailey
  9907 | Bailey   | Identified the +5 rapier of Meutrafe {vamp, MR+ Stlth+}
                  | (You found it on level 10 of the Dungeon)
 10074 | Bailey   | Mangled by an orc warrior

Levels and vault maps discovered:
D:1:      saegor_arrival_miasma, layout_basic
D:2:      layout_rooms, lemuel_round_altar, kennysheep_cluttered_room,
          serial_bayou_crossing
D:3:      layout_basic, lemuel_doored_altar
D:4:      minmay_angry_zag, layout_basic, lemuel_coloured_pillars_altar,
          kennysheep_mini_moat, serial_shops, nicolae_shop_trees, uniq_sigmund,
          uniq_eustachio
D:5:      layout_basic, first_ration, st_stairs_6,
          grunt_dithmenos_smoke_and_mirrors, uniq_edmund
D:6:      layout_loops_cross, old_standard_altar,
          minmay_temple_entry_sparse_star
D:7:      layout_cave_pools, dk_noncrumbling_4
D:8:      layout_cave_pools, minmay_lair_entry_grove, mrwooster_statue_mirror,
          minmay_shop_enchanted_jewellery
D:9:      cheibrodos_barr_body, layout_long_grid, blue_anna_alchemist
          [blue_anna_fruit_fields, blue_anna_fruit_fields]
D:10:     cheibrodos_breeding_chamber, layout_rooms, enter_bailey_8,
          kennysheep_big_empty_room
Bailey:   bailey_axe_minmay_hex_keep, bailey

Skill      XL: |  1  2  3  4  5  6  7  8  9 10 11 |
---------------+----------------------------------+-----
Short Blades   | 2 3 4 5 6 8 10 11 12 | 12.1
Stealth        | 5 6 7 9 10 12 | 12.8
Hexes          | 5 6 7 8 10 11 12 | 12.0
Spellcasting   | 3 4 5 6 7 |  7.4
Fighting       | 1 |  1.3
Dodging        | |  2.9

Action                   |  1- 3 |  4- 6 |  7- 9 | 10-12 || total
-------------------------+-------+-------+-------+-------++-------
Melee: Dagger            |   184 |   187 |   262 |   278 ||   911
       Bite              |    13 |    14 |    18 |    22 ||    67
       Unarmed           |       |       |       |    12 ||    12
       Rapier            |       |       |       |    81 ||    81
 Cast: Corona            |     9 |     5 |       |       ||    14
       Ensorcelled Hiber |     6 |    32 |    84 |    75 ||   197
       Confusing Touch   |       |     1 |     7 |     8 ||    16
 Abil: Exsanguinate      |       |       |       |     1 ||     1
  Use: Scroll            |       |    12 |     6 |     7 ||    25
       Potion            |       |       |     2 |     6 ||     8
 Stab: Sleeping          |    14 |    24 |    55 |    67 ||   160
       Confused          |       |     1 |     6 |     7 ||    14
       Distracted        |       |       |     2 |       ||     2
Armor: Robe              |    38 |    50 |    23 |    43 ||   154
Dodge: Dodged            |   104 |   141 |   162 |   240 ||   647

Table legend:
 A = Non-vault XP
 B = Vault XP
 C = Vault XP percentage of total XP
 D = Non-vault monster count
 E = Vault monster count
 F = Vault count percentage of total count
                 A         B        C        D         E       F
            +---------+---------+-------+---------+---------+-------
      Total |    8424 |    6255 |  42.6 |     238 |      69 |  22.5
            +---------+---------+-------+---------+---------+-------
        D:1 |      55 |       0 |   0.0 |      28 |       0 |   0.0
        D:2 |      75 |       0 |   0.0 |      27 |       0 |   0.0
        D:3 |     102 |       0 |   0.0 |      23 |       0 |   0.0
        D:4 |     463 |     439 |  48.7 |      14 |       6 |  30.0
        D:5 |     452 |     190 |  29.6 |      13 |       2 |  13.3
        D:6 |     588 |       0 |   0.0 |      20 |       0 |   0.0
        D:7 |     873 |       0 |   0.0 |      24 |       0 |   0.0
        D:8 |    2549 |    2014 |  44.1 |      31 |      13 |  29.5
        D:9 |    1597 |     868 |  35.2 |      34 |      14 |  29.2
       D:10 |    1670 |    2248 |  57.4 |      24 |       4 |  14.3
     Bailey |       0 |     496 | 100.0 |       0 |      30 | 100.0
            +---------+---------+-------+---------+---------+-------
